 Dungeon Crawl Stone Soup version 0.31.0-32-g396128a36d (webtiles) character file.

Game seed: 582867218479625398

33199 chippings the Toxicologist (level 13, -15/107 HPs)
             Began as a Green Draconian Shapeshifter on Mar 27, 2024.
             Was an Initiate of Gozag.
             Killed from afar by Nessos (20 damage)
             ... with an iceblast
             ... on level 12 of the Dungeon.
             The game lasted 00:39:18 (15747 turns).

chippings the Toxicologist (DrSh)                  Turns: 15747, Time: 00:39:18

Health: -15/107    AC:  8    Str: 21    XL:     13   Next: 35%
Magic:  23/23      EV: 17    Int: 15    God:    Gozag
Gold:   3710       SH:  0    Dex: 11    Spells: 17/25 levels left

rFire   + .          .
                       - Unarmed
rCold   x . .        (shield currently unavailable)
rNeg    . . .        (body armour unavailable)
rPois   +            (helmet restricted)
rElec   .            t - scarf {+Inv}
rCorr   .            (no gloves)
SInv    .            (no boots)
Will    .....        (no amulet)
Stlth   +            g - ring of flight
HPRegen 0.37/turn    m - ring of Okawaru's Regard {Fire Str+4}
MPRegen 0.18/turn

%: no passive effects
@: flux-form, flying, glowing
A: glow, contaminating, breathe noxious fumes, AC +8, unfitting armour, poison
resistance, cold-blooded
a: Breathe Noxious Fumes, Begin Untransformation, Renounce Religion, Evoke
Invisibility, Potion Petition, Call Merchant, Bribe Branch


You were on level 12 of the Dungeon.
You worshipped Gozag.
Gozag was most pleased with you.
You were something dangerously unstable.
You visited 2 branches of the dungeon, and saw 16 of its levels.

You collected 4245 gold pieces.
You spent 484 gold pieces at shops.
You paid 51 gold pieces to Gozag.

Inventory:

Missiles
 p - a throwing net (quivered)
Armour
 t - a scarf of invisibility (worn)
Magical Staves
 q - a staff of fire
Jewellery
 g - a ring of flight (left hand)
 m - the ring of Okawaru's Regard (right hand) {Fire Str+4}
   (You bought it in a shop on level 5 of the Dungeon)

   [ring of fire]

   Fire:      It enhances your fire magic.
   Str+4:     It affects your strength (+4).
   rF+:       It protects you from fire.
   rC-:       It makes you vulnerable to cold.
Talismans
 b - a beast talisman
 c - a flux talisman (active)
Wands
 l - a wand of flame (23)
 u - a wand of charming (13)
 v - a wand of digging (6)
 w - a wand of mindburst (2)
 y - a wand of iceblast (2)
 C - a wand of quicksilver (6)
Scrolls
 e - a scroll of vulnerability
 f - 4 scrolls of immolation
 h - 2 scrolls of fog
 i - 2 scrolls of torment
 n - a scroll of revelation
 o - 2 scrolls of teleportation
 x - 2 scrolls of enchant armour
 E - 3 scrolls of identify
Potions
 a - 10 potions of lignification
 j - a potion of enlightenment
 k - a potion of magic
 r - a potion of haste
 s - 5 potions of curing
 z - 2 potions of ambrosia
 A - 4 potions of attraction
 D - a potion of berserk rage
Miscellaneous
 F - a box of beasts


   Skills:
 + Level 8.0 Fighting
 + Level 4.0 Dodging
 - Level 4.0 Stealth
 - Level 11.0 Unarmed Combat
 + Level 6.8 Spellcasting
 - Level 4.0 Conjurations
 - Level 10.0 Fire Magic
 - Level 12.0 Alchemy
 - Level 4.0 Evocations
 + Level 8.5 Shapeshifting


You had 17 spell levels left.
You knew the following spells:

 Your Spells              Type           Power      Damage    Failure   Level
a - Sticky Flame          Fire/Alch      55%        2d10      1%          4
b - Flame Wave            Conj/Fire      39%        2d11      8%          4

Your spell library contained the following spells:

 Spells                   Type           Power      Damage    Failure   Level
 Inner Flame              Hex/Fire       30%        N/A       5%          3
 Slow                     Hex            20%        N/A       14%         1
 Hailstorm                Conj/Ice       11%        3d6       19%         3
 Ensorcelled Hibernation  Hex/Ice        10%        N/A       21%         2
 Confusing Touch          Hex            5%         N/A       38%         3
 Passwall                 Erth           5%         N/A       38%         3
 Sigil of Binding         Hex            5%         N/A       38%         3
 Summon Ice Beast         Ice/Summ       5%         N/A       38%         3
 Swiftness                Air            5%         N/A       38%         3
 Vampiric Draining        Necr           5%         2d6       38%         3
 Sculpt Simulacrum        Ice/Alch       11%        N/A       87%         6
 Haunt                    Necr/Summ      2%         N/A       100%        7
 Borgnjor's Revivificati  Necr           2%         N/A       100%        8
 Infestation              Necr           2%         N/A       100%        8
 Death's Door             Necr           2%         N/A       100%        9
 Animate Dead             Necr           Unusable   N/A       N/A         4

Dungeon Overview and Level Annotations

Branches:
Dungeon (12/15)            Temple (0/1) D:6            Lair (4/5) D:10
 Shoals (0/4) Lair:2       Spider (0/4) Lair:3
  Slime: Lair:4-5       Orc: D:9-12

Altars:
Elyvilon
Gozag
Hepliaklqana
Uskayaw
Yredelemnul

Shops:
D:5 =   D:7 [   D:10 [

Annotations:
D:5 1 runed translucent door, Crazy Yiuf
D:12 Nessos
Lair:4 exclusion: oklob plant


Innate Abilities, Weirdness & Mutations

You are something dangerously unstable.
You glow with magical radiation, making you easy to see and hit.
Foes you strike become dangerously contaminated with magical radiation.
You are incapable of wielding weapons or throwing items.
You can breathe blasts of noxious fumes.
Your lurid green scales are hard. (AC +8)
You cannot fit into any form of body armour.
Your system is resistant to poisons. (rPois)
You are cold-blooded and may be slowed by cold attacks.


Message History

Nessos is engulfed in poison gas.
Nessos looks as sick as possible!
Nessos casts a spell.
Nessos blinks!
Nessos is engulfed in poison gas.
Nessos looks as sick as possible!
Nessos shoots an arrow.
The arrow hits you! The arrow burns you.
Nessos is engulfed in poison gas.
Nessos looks as sick as possible!
Nessos mumbles some strange words.
Nessos blinks!
Nessos is engulfed in poison gas.
Nessos looks as sick as possible!
Nessos shoots an arrow.
The arrow hits you.
Nessos is engulfed in poison gas.
Nessos looks as sick as possible!
Nessos casts a spell.
Nessos seems to speed up.
Nessos is engulfed in poison gas.
Nessos looks as sick as possible!
Nessos shoots an arrow.
The arrow hits you!
* * * LOW HITPOINT WARNING * * *
The arrow burns you.
* * * LOW HITPOINT WARNING * * *
Nessos looks as sick as possible!
Nessos shoots an arrow.
The arrow hits you!
* * * LOW HITPOINT WARNING * * *
The arrow burns you.
* * * LOW HITPOINT WARNING * * *
Nessos is engulfed in poison gas.
Nessos looks as sick as possible!
Nessos gestures wildly while chanting.
Nessos blinks!
Nessos is engulfed in poison gas.
Nessos looks as sick as possible!
Nessos casts a spell.
Nessos blinks!
Nessos is engulfed in poison gas.
Nessos looks as sick as possible!
Nessos shoots an arrow.
The arrow hits you!
* * * LOW HITPOINT WARNING * * *
The arrow burns you.
* * * LOW HITPOINT WARNING * * *
Nessos looks as sick as possible!
Nessos shoots an arrow.
The arrow barely misses you.
There is a stone staircase leading up here.
Nessos zaps a wand.
The mass of ice explodes!
The iceblast engulfs you!!
You feel a painful chill!
You die...
Your body crumbles into a pile of gold.

#### ### ## ####
...#.<<####.###.##....#
.......p#....#.........
.......#.#.............
........○.☼....c.......
........☼...§..........
......)...☼.☼c.........
........°.○§.☼.........
.............§§........
.........###☼○○........
........# #...........


You could see Nessos (fast, extremely poisoned).

Vanquished Creatures
  A hydra (Lair:3)
  4 two-headed ogres
  Nergalle (Lair:3)
  3 skeletal warriors (D:11)
  A skyshark (Lair:3)
  Lodul (D:11)
  An orange crystal statue (D:9)
  2 manticores (Lair:2)
  An ugly thing (D:11)
  2 cyclopes (D:11)
  A black mamba (Lair:3)
  9 elephants (Lair:3)
  5 cane toads
  2 unseen horrors
  3 rime drakes
  4 komodo dragons
  2 polar bears (Lair:2)
  A troll (D:10)
  15 blink frogs
  2 shadows (D:11)
  Sigmund (D:4)
  A basilisk (Lair:2)
  4 wyverns
  32 yaks
  A steam dragon (D:9)
  2 vampire mosquitoes (D:11)
  10 water moccasins
  2 ice beasts (D:6)
  4 orc warriors
  A sky beast (D:8)
  2 black bears
  10 wolves
  9 ogres
  3 centaurs
  2 kobold brigands
  8 bullfrogs
  A scorpion (D:5)
  6 gnoll sergeants
  3 necrophages (Lair:2)
  8 wights
  12 killer bees
  2 howler monkeys
  2 bombardier beetles
  2 hounds (D:6)
  A jelly (D:5)
  8 orc priests
  A gnoll bouda (D:8)
  6 iguanas
  2 sleepcaps (D:7)
  13 orc wizards
  32 gnolls
  7 adders
  A white imp (D:5)
  2 ufetubi (D:6)
  3 dart slugs
  34 orcs
  10 endoplasms
  2 giant cockroaches (D:2)
  12 goblins
  10 hobgoblins
  10 jackals
  6 quokkas
  8 ball pythons
  4 bats
  9 frilled lizards
  19 kobolds
  4 rats
393 creatures vanquished.

Vanquished Creatures (collateral kills)
  A manticore (D:11)
  A basilisk (D:10)
  2 howler monkeys (D:10)
  A gnoll (D:10)
5 creatures vanquished.

Grand Total: 398 creatures vanquished

Notes
Turn   | Place    | Note
-------+----------+-------------------------------------------
     0 | D:1      | chippings the Draconian Shapeshifter began the quest for
                  | the Orb.
     0 | D:1      | Reached XP level 1. HP: 16/16 MP: 1/1
    94 | D:1      | Reached XP level 2. HP: 14/23 MP: 2/2
   357 | D:1      | Reached XP level 3. HP: 25/29 MP: 3/3
   947 | D:2      | Reached XP level 4. HP: 31/37 MP: 4/4
  1106 | D:2      | Found a faded altar of an unknown god.
  1242 | D:2      | Identified the +6 chain mail of Ru's Supremacy {Dex+7}
  1916 | D:3      | Found an opulent altar of Gozag.
  1934 | D:3      | Became a worshipper of Gozag Ym Sagoz the Greedy
  2471 | D:3      | Reached skill level 1 in Fire Magic
  2471 | D:3      | Reached XP level 5. HP: 17/45 MP: 5/5
  2490 | D:3      | Reached skill level 1 in Alchemy
  2560 | D:3      | Reached skill level 1 in Spellcasting
  2885 | D:4      | Noticed Sigmund
  2894 | D:4      | Learned a level 4 spell: Sticky Flame
  2894 | D:4      | Reached skill level 6 in Alchemy
  2894 | D:4      | Reached XP level 6. HP: 51/51 MP: 7/7
  2900 | D:4      | Killed Sigmund
  2901 | D:4      | Your scales start taking on a lurid green colour.
  2901 | D:4      | Reached skill level 8 in Alchemy
  2901 | D:4      | Reached XP level 7. HP: 57/57 MP: 5/9
  2901 | D:4      | Gained mutation: Your system is resistant to poisons.
                  | (rPois) [Green Draconian growth]
  3468 | D:5      | Entered Level 5 of the Dungeon
  3744 | D:5      | Reached XP level 8. HP: 54/66 MP: 10/10
  3819 | D:5      | Found a runed translucent door.
  3820 | D:5      | Noticed Crazy Yiuf
  4479 | D:5      | Reached skill level 1 in Stealth
  4561 | D:5      | Found Zeun's Jewellery Shop.
  4569 | D:5      | Bought the ring of Okawaru's Regard {Fire Str+4} for 484
                  | gold pieces
  4913 | D:6      | Found a staircase to the Ecumenical Temple.
  5322 | D:6      | Reached XP level 9. HP: 71/72 MP: 12/12
  5645 | D:7      | Reached skill level 5 in Shapeshifting
  5801 | D:7      | Learned a level 4 spell: Flame Wave
  6022 | D:7      | Found Usuxziet's Armour Emporium.
  6870 | D:8      | Reached skill level 1 in Conjurations
  7068 | D:8      | Reached skill level 5 in Fighting
  7078 | D:8      | Reached skill level 9 in Alchemy
  7204 | D:8      | You are sucked into a shaft and drop 3 floors!
  7211 | D:11     | Noticed a manticore
  7217 | D:11     | Noticed a cyclops
  7223 | D:11     | Noticed a skeletal warrior
  7224 | D:11     | Noticed a cyclops
  7225 | D:10     | Entered Level 10 of the Dungeon
  7269 | D:10     | Noticed a komodo dragon
  7272 | D:10     | Reached XP level 10. HP: 48/81 MP: 14/14
  7421 | D:9      | Noticed a two-headed ogre
  7429 | D:9      | Killed a two-headed ogre
  7620 | D:9      | Noticed an orange crystal statue
  8143 | D:9      | Identified the +9 sling of Vaguec {freeze, rC+ rN+}
  8678 | D:9      | Killed an orange crystal statue
  8744 | D:10     | Noticed a two-headed ogre
  8777 | D:10     | Reached XP level 11. HP: 39/89 MP: 3/16
  9059 | D:10     | Killed a two-headed ogre
  9405 | D:10     | Found a basalt altar of Yredelemnul.
  9406 | D:10     | Noticed a two-headed ogre
  9407 | D:10     | Found a white marble altar of Elyvilon.
  9416 | D:10     | Killed a two-headed ogre
  9419 | D:10     | Found a hide-covered altar of Uskayaw.
  9491 | D:10     | Noticed a two-headed ogre
  9501 | D:10     | Killed a two-headed ogre
  9592 | D:10     | Found Egegoly's Antique Armour Shoppe.
  9638 | D:10     | Found a staircase to the Lair.
  9802 | D:10     | Found a hazy altar of Hepliaklqana.
  9846 | Lair:1   | Entered Level 1 of the Lair of Beasts
  9941 | Lair:1   | Reached skill level 10 in Alchemy
 10863 | Lair:2   | Found a staircase to the Shoals.
 11355 | Lair:2   | Reached XP level 12. HP: 89/100 MP: 14/19
 11424 | Lair:2   | Reached skill level 5 in Spellcasting
 11523 | Lair:2   | Reached skill level 10 in Unarmed Combat
 12515 | Lair:3   | Reached skill level 11 in Alchemy
 12527 | Lair:3   | Reached skill level 1 in Evocations
 12803 | Lair:3   | Found a hole to the Spider Nest.
 13100 | Lair:3   | Noticed a seven-headed hydra
 13109 | Lair:3   | Killed a seven-headed hydra
 13458 | Lair:3   | Noticed Nergalle
 13466 | Lair:3   | Killed Nergalle
 13675 | Lair:3   | Reached XP level 13. HP: 82/107 MP: 10/22
 14622 | D:11     | Noticed Lodul
 14646 | D:11     | Killed Lodul
 14647 | D:11     | Reached skill level 10 in Fire Magic
 14780 | D:11     | HP: 1/107 [skeletal warrior/+0 scimitar (9)]
 15338 | D:11     | Reached skill level 12 in Alchemy
 15731 | D:12     | Noticed Nessos
 15745 | D:12     | HP: 5/107 [Nessos/arrow (2)]
 15747 | D:12     | Killed from afar by Nessos

Illustrated notes

Levels and vault maps discovered:
D:1:      psy_arrival_radial01, layout_loops_ring, dreamdust_mushroom_princess
D:2:      layout_basic, dreamdust_ecumenical_altar_statues, serial_park_tiny_2,
          grunt_ministairs_11, roderic_serpentine_path
D:3:      layout_basic, amcnicky_altar_gilded, minmay_between
D:4:      layout_basic, uniq_sigmund
D:5:      layout_basic, serial_shops, shop, minivault_4, uniq_crazy_yiuf_cottage
D:6:      layout_basic, minmay_temple_entry_trees
D:7:      layout_basic, serial_shops, shop
D:8:      layout_basic
D:9:      layout_basic, minivault_16, hangedman_decor_points
D:10:     layout_roguey, minitemple, worldfamousw_hep_ancestral_shrine,
          david_lair_shrubbed, serial_shops, shop, kennysheep_generic_room_13
D:11:     layout_cave_pools, uniq_lodul
D:12:     layout_big_octagon, hiddenorc2_lemuel, uniq_psyche, uniq_nessos
Lair:1:   layout_misc_corridors
Lair:2:   layout_chaotic_city, minmay_shoals_entry_beasts, roderic_carrion_pond
Lair:3:   layout_roguey, spider_nest_entry_web_field, serial_bayou_shore_a,
          grunt_megastairs_1, lemuel_fruit_fields, uniq_nergalle
Lair:4:   dpeg_oklob_shooting_range, layout_concentric_octagons,
          beast_lair_carwin_9

Skill      XL: |  1  2  3  4  5  6  7  8  9 10 11 12 13 |
---------------+----------------------------------------+-----
Fighting       | 2 3 4 5 7 8 |  8.0
Unarmed Combat | 4 8 9 10 11 | 11.0
Fire Magic     | 1 6 7 8 9 10 | 10.0
Alchemy        | 6 8 9 10 11 12 | 12.0
Spellcasting   | 1 2 3 4 6 |  6.8
Shapeshifting  | 4 5 6 7 8 |  8.5
Dodging        | 2 3 4 |  4.0
Stealth        | 1 2 3 4 |  4.0
Conjurations   | 1 2 4 |  4.0
Evocations     | 2 4 |  4.0

Action                     |  1- 3 |  4- 6 |  7- 9 | 10-12 | 13-15 || total
---------------------------+-------+-------+-------+-------+-------++-------
  Melee: Unarmed           |    96 |   139 |   250 |   384 |    94 ||   963
         Tailslap          |    10 |    10 |    37 |    74 |    20 ||   151
         Punch             |     3 |     7 |    16 |     4 |       ||    30
   Cast: Sticky Flame      |       |     1 |    19 |    52 |    10 ||    82
         Flame Wave        |       |       |       |    13 |     7 ||    20
Ability: Breathe Noxious F |       |       |     9 |    12 |     3 ||    24
         Begin Untransform |       |       |     1 |       |       ||     1
  Evoke: Wand              |       |       |       |     5 |       ||     5
         Box of beasts     |       |       |       |     1 |       ||     1
    Use: Potion            |       |     3 |     1 |     8 |     1 ||    13
         Scroll            |       |       |    15 |     7 |     5 ||    27
   Stab: Distracted        |       |     1 |       |     2 |       ||     3
         Confused          |       |       |     9 |    15 |     4 ||    28
         Sleeping          |       |       |     1 |     5 |       ||     6
 Armour: Skin              |    43 |    79 |   157 |   287 |    86 ||   652
  Dodge: Dodged            |    53 |    74 |   137 |   298 |   105 ||   667
   Form: Beast             |       |       |     1 |       |       ||     1
         Flux              |       |       |       |     1 |       ||     1
